 Dungeon Sprint DCSS version 0.28.0-43-g3370ac3207 (webtiles) character file.

Game seed: 5971555991297885385

130 boopmooplesden the Cleaver (level 4, -3/48 HPs)
             Began as a Minotaur Berserker on Mar 8, 2022.
             Was a Follower of Trog.
             Slain by a neqoxec (8 damage)
             ... in the Dungeon (Sprint II: "The Violet Keep of Menkaure").
             The game lasted 00:00:11 (17 turns).

boopmooplesden the Cleaver (Minotaur Berserker)       Turns: 17, Time: 00:00:11

Health: -3/48      AC:  2    Str: 24    XL:     4   Next: 90%
Magic:  3/3        EV: 12    Int:  4    God:    Trog [*.....]
Gold:   0          SH:  0    Dex:  9    Spells: 3/3 levels left

rFire   . . .      SeeInvis .   a - +0 hand axe
rCold   . . .      Faith    .   (no shield)
rNeg    . . .      Spirit   .   b - +0 animal skin
rPois   .          Reflect  .   (helmet restricted)
rElec   .          Harm     .   (no cloak)
rCorr   .          Rampage  .   (no gloves)
Will    .....      NoTele   +   (no boots)
Stlth   +.........              (no amulet)
HPRegen 0.16/turn               (no ring)
MPRegen 0.08/turn               (no ring)

@: on berserk cooldown, slowed, very slow
A: horns 2, retaliatory headbutt
a: Renounce Religion, Berserk


You were in the Dungeon.
You worshipped Trog.
Trog was aware of your devotion.
You visited 1 branch

Inventory:

Hand Weapons
 a - a +0 hand axe (weapon)
Armour
 b - a +0 animal skin (worn)
Scrolls
 h - a scroll of blinking
Potions
 c - a potion of curing
 d - a potion of heal wounds
 e - a potion of haste
 f - 2 potions of magic
 g - a potion of berserk rage


   Skills:
 + Level 8.0 Fighting
 + Level 8.4 Axes
 + Level 4.2 Armour
 + Level 4.2 Dodging


You had 3 spell levels left.
You didn't know any spells.
Your spell library was empty.

Dungeon Overview and Level Annotations

Branches:
Dungeon (1/1)

Altars:


Innate Abilities, Weirdness & Mutations

You have a pair of horns on your head.
You reflexively headbutt those who attack you in melee.


Message History

You kill the neqoxec!
Trog accepts your kill.
You feel your intelligence returning.
Your Fighting skill gained 5 levels and is now at level 8!
Your Axes skill gained 5 levels and is now at level 8!
Your Armour skill gained 2 levels and is now at level 4!
Your Dodging skill gained 2 levels and is now at level 4!
You have reached level 2!
You have reached level 3!
Your experience leads to an increase in your attributes!
Increase (S)trength, (I)ntelligence, or (D)exterity?
You feel stronger. x2
You have reached level 4!
You feel stronger.
Unknown command.
You hit the neqoxec.
The neqoxec is lightly wounded.
You closely miss the neqoxec.
The neqoxec is lightly wounded.
The neqoxec misses you. You furiously retaliate!
You headbutt the neqoxec! You closely miss the neqoxec.
The neqoxec is moderately wounded.
You slash the neqoxec!
The neqoxec is severely wounded.
The neqoxec hits you!
You barely miss the neqoxec.
The neqoxec is severely wounded.
You are no longer berserk.
You are exhausted.
You feel yourself slow down. The neqoxec hits you!
* * * LOW HITPOINT WARNING * * *
You hit the neqoxec.
You headbutt the neqoxec, but do no damage.
The neqoxec is severely wounded.
The neqoxec hits you.
* * * LOW HITPOINT WARNING * * *
You closely miss the neqoxec. Your headbutt misses the neqoxec.
The neqoxec is severely wounded.
The neqoxec hits you!
You die...

#+#
##.###
+.<@3#
##.##.#
#+# .#
#


You could see a neqoxec.

Vanquished Creatures
  A neqoxec (D)
1 creature vanquished.

Notes
Turn   | Place    | Note
-------+----------+-------------------------------------------
     0 | D        | boopmooplesden the Minotaur Berserker began the quest for
                  | the Orb.
     0 | D        | Reached XP level 1. HP: 19/19 MP: 0/0
     1 | D        | Noticed a neqoxec
     1 | D        | Noticed a neqoxec
    10 | D        | Killed a neqoxec
    11 | D        | Reached XP level 2. HP: 29/35 MP: 1/1
    11 | D        | Reached XP level 3. HP: 33/40 MP: 2/2
    11 | D        | Reached XP level 4. HP: 40/48 MP: 3/3
    17 | D        | Slain by a neqoxec

Illustrated notes

Levels and vault maps discovered:
D:        the_violet_keep_of_menkaure [sprint2_stairs_cluster_1,
          sprint2_shoproom, sprint2_temple, sprint2_basic_supplies,
          sprint2_obstacle_2, sprint2_obstacle_3, sprint2_obstacle_7,
          sprint2_obstacle_4, sprint2_obstacle_1, sprint2_timed_cluster_1,
          sprint2_smallroom_cluster_1, sprint2_smallroom_final_cluster_1,
          sprint2_transparent_cluster_1, sprint2_second_timed_cluster_1,
          sprint2_sniper_area_1, sprint2_heavy_combat_area_1,
          sprint2_mutation_trap_area_1, sprint2_forest_area_1,
          sprint2_light_combat_area_1, sprint2_behind_water_1,
          sprint2_near_end_vault_1]

Skill      XL: |  1 |
---------------+----+-----
Fighting       | 8 |  8.0
Axes           | 8 |  8.4
Armour         | 4 |  4.2
Dodging        | 4 |  4.2

Action                   |  1- 3 |  4- 6 || total
-------------------------+-------+-------++-------
Melee: Hand axe          |     8 |     7 ||    15
       Headbutt          |     1 |     1 ||     2
Invok: Berserk           |     1 |       ||     1
Dodge: Dodged            |     2 |     1 ||     3
